 Dungeon Crawl Stone Soup version 0.14.0-12-g87ee3b7 (webtiles) character file.

167 MDvedh the Ruffian (level 4, 0/39 HPs)
             Began as a Hill Orc Monk on Apr 16, 2014.
             Slain by an orc
             ... wielding a +0,+0 mace
              (9 damage)
             ... on Level 3 of the Dungeon.
             The game lasted 00:06:16 (3054 turns).

MDvedh the Ruffian (Hill Orc Monk)                  Turns: 3054, Time: 00:06:16

HP   0/39        AC  3     Str 14      XL: 4   Next: 49%
MP   4/4         EV 12     Int 10      God:
Gold 81          SH  0     Dex 13      Spells:  0 memorised,  3 levels left

rFire  . . .     SeeInvis .     j - +0 mace
rCold  + . .     Clarity  .     a - +0 robe
rNeg   . . .     Conserve .     (no shield)
rPois  .         rCorr    .     i - +0 helmet
rElec  .         rRot     .     (no cloak)
SustAb . .       Spirit   .     (no gloves)
rMut   .         Warding  .     (no boots)
Saprov + . .     Stasis   .     (no amulet)
MR     .....                    (no ring)
                                k - ring of protection from cold

@: not resistant to hostile enchantments, fairly stealthy
A: saprovore 1
a: no special abilities


You were on level 3 of the Dungeon.
You were not hungry.

You visited 1 branch of the dungeon, and saw 3 of its levels.

You collected 81 gold pieces.

Inventory:

Hand weapons
 j - a +0,+0 mace (weapon)
Armour
 a - a +0 robe (worn)
 i - a +0 helmet (worn)
Magical devices
 b - a wand of random effects (8) {unknown}
Comestibles
 c - a banana
 f - a pear
 q - a bread ration
Scrolls
 d - 2 scrolls of teleportation
 l - a scroll of amnesia {unknown}
 m - a scroll of remove curse
 n - a scroll of random uselessness
 r - a scroll of enchant weapon II {unknown}
Jewellery
 k - a ring of protection from cold (left hand)
 p - an uncursed amulet of resist corrosion {unknown}
Potions
 e - a potion of flight {unknown}
 o - 2 potions of confusion {unknown}


   Skills:
 - Level 3.6 Fighting
 + Level 3.3 Maces & Flails
 - Level 2.5 Armour
 - Level 2.4 Dodging
 - Level 1.5 Stealth
 - Level 4.3 Unarmed Combat


You had 3 spell levels left.
You didn't know any spells.

Dungeon Overview and Level Annotations

Branches:
Dungeon (3/15)

Altars:
Cheibriados
Sif Muna
Yredelemnul
The Shining One


Innate Abilities, Weirdness & Mutations

You can tolerate rotten meat.


Message History

The orc hits you with a hand axe. The orc hits you but does no damage.
The orc completely misses you.
You hit the orc but do no damage.
The orc is moderately wounded.
The orc hits you but does no damage. The orc barely misses you.
The orc hits you with a dagger.
You thump the orc!
You kill the orc!
The orc hits you but does no damage. The orc misses you.
You barely miss the orc. The orc hits you with a hand axe.
The orc hits you with a mace.
You closely miss the orc. The orc closely misses you.
The orc hits you with a mace.
* * * LOW HITPOINT WARNING * * *
You are too injured to fight recklessly!
The orc hits you with a hand axe.
* * * LOW HITPOINT WARNING * * *
There is an open door here.
You hit the orc but do no damage. The orc hits you with a mace!
You die...

*,,* ##.......##*,**, *,*, ** ,
**##.........#*,*,,,*,*,* ***
,,,,............+,,,,,,,,,,, *,,
, ,***..........#*,,,,,,, ,
*,*,*, * ,#.......#**** ,**,***
,,,** *,*#..)..# * **,*
***,******,**#.o.#* *,*
*,,,,,,,,* ##o## **,** *,********
#@# *,*,** *,* #.# **,***,*
***,*** * ##.## * * **,
,,,,,,..######...## **,***,* **
,**............# * ,*,** ,*
*,**..######...## **,,* ,* *,
,s....###....#####******,** ,*
****..##.............,,,* *,**
,******.......#.#.#.####*,****,**


You could see 2 orcs.

Vanquished Creatures
  4 adders (D:2)
  A worm (D:2)
  2 orcs (D:3)
  9 bats
  3 giant cockroaches
  4 hobgoblins
  A jackal (D:1)
  3 quokkas (D:2)
  3 giant geckos (D:1)
  A giant newt (D:1)
  5 kobolds
  7 rats
43 creatures vanquished.

Notes
Turn   | Place    | Note
--------------------------------------------------------------
     0 | D:1      | MDvedh, the Hill Orc Monk, began the quest for the Orb.
     0 | D:1      | Reached XP level 1. HP: 19/19 MP: 1/1
   258 | D:1      | Reached skill level 1 in Armour
   503 | D:1      | Reached XP level 2. HP: 26/26 MP: 2/2
  1467 | D:2      | Reached XP level 3. HP: 16/31 MP: 3/3
  1621 | D:2      | Reached skill level 1 in Maces & Flails
  1959 | D:2      | Reached XP level 4. HP: 27/39 MP: 4/4
  2060 | D:2      | Found a snail-covered altar of Cheibriados.
  2849 | D:2      | Found a basalt altar of Yredelemnul.
  2855 | D:2      | Found a deep blue altar of Sif Muna.
  2858 | D:2      | Found a glowing golden altar of the Shining One.
  3054 | D:3      | Slain by an orc

Action                   |  1- 3 |  4- 6 || total
-------------------------+-------+-------++-------
Melee: Unarmed           |    78 |       ||    78
       Mace              |    55 |    58 ||   113
  Use: Scroll            |       |     5 ||     5
 Stab: Sleeping          |     4 |     1 ||     5
